 Dungeon Crawl Stone Soup version 0.24.1-8-ga250c9d538 (webtiles) character file.

Game seed: 3400531438263373573, levelgen mode: deterministic

42 Gruesph the Poker (level 3, -4/27 HPs)
             Began as a Merfolk Skald on Apr 28, 2020.
             Slain by a gnoll
             ... wielding a +0 spear
              (8 damage)
             ... on level 4 of the Dungeon.
             The game lasted 00:04:26 (1313 turns).

Gruesph the Poker (Merfolk Skald)                   Turns: 1313, Time: 00:04:27

Health: -4/27      AC:  3    Str: 12    XL:     3   Next: 54%
Magic:  1/6        EV: 13    Int: 12    God:
Gold:   51         SH:  0    Dex: 13    Spells: 1/6 levels left

rFire    . . .     SeeInvis .   a - +0 spear
rCold    . . .     Gourm    .   (no shield)
rNeg     . . .     Faith    .   c - +1 robe {MR+}
rPois    .         Spirit   .   (no helmet)
rElec    .         Reflect  .   (no cloak)
rCorr    .         Harm     .   (no gloves)
MR       +....                  (no boots)
Stlth    ++........             (no amulet)
HPRegen  0.09/turn              (no ring)
MPRegen  0.10/turn              (no ring)

@: infused, singing, very slightly contaminated
A: change form in water, swift swim, stealthy swim
a: no special abilities


You were on level 4 of the Dungeon.
You were hungry.

You visited 1 branch of the dungeon, and saw 4 of its levels.

You collected 51 gold pieces.

Inventory:

Hand Weapons
 a - a +0 spear (weapon)
 i - a +0 hunting sling
Missiles
 d - 27 stones (quivered)
Armour
 c - a +1 robe of magic resistance (worn)
Jewellery
 e - an uncursed ring of see invisible {unknown}
Scrolls
 b - a scroll of remove curse {unknown}
 l - a scroll of identify {unknown}
Potions
 g - a potion of agility {unknown}
 h - a potion of might {unknown}
 j - a potion of lignification {unknown}
Comestibles
 f - 4 rations


   Skills:
 - Level 2.1 Fighting
 + Level 4.2 Polearms
 - Level 0.6 Armour
 - Level 2.6 Dodging
 - Level 2.0 Stealth
 - Level 2.0 Spellcasting
 + Level 3.7 Charms


You had one spell level left.
You knew the following spells:

 Your Spells              Type           Power        Failure   Level  Hunger
a - Infusion              Chrm           ##..         6%          1    ##.....
b - Song of Slaying       Chrm           ##......     9%          2    ###....
c - Shroud of Golubria    Chrm/Tloc      #.....       19%         2    ###....

Your spell library contained the following spells:

 Spells                   Type           Power        Failure   Level  Hunger
 Animate Skeleton         Necr           N/A          26%         1    ##.....
 Apportation              Tloc           #.....       26%         1    ##.....
 Confusing Touch          Hex            #.....       26%         1    ##.....
 Summon Small Mammal      Summ           #...         26%         1    ##.....
 Regeneration             Chrm/Necr      #.........   36%         3    ####...
 Spectral Weapon          Hex/Chrm       #.......     36%         3    ####...


Dungeon Overview and Level Annotations

Branches:
Dungeon (4/15)
 Temple: D:4-7

Altars:

Shops:
D:4 !


Message History

The gnoll hits you with a cursed -1 flail!
The gnoll barely misses you.
You hit the gnoll.
You kill the gnoll!
The gnoll closely misses you.
Attack whom?
Press: ? - help, Dir - move target cursor, f - gnoll
Aim: a gnoll, wielding a +0 spear You reach to attack!
You closely miss the gnoll.
The gnoll hits you from afar with a +0 spear.
You are too injured to fight recklessly!
You are too injured to fight recklessly!
The gnoll hits you but does no damage. The gnoll hits you with a +0 spear.
Things that are here:
a cursed -1 flail; a gnoll corpse You barely miss the gnoll.
The gnoll hits you from afar with a +0 spear.
* * * LOW HITPOINT WARNING * * *
You barely miss the gnoll. The gnoll hits you with a +0 spear!
You die...

#.........### .
##.##..........#
.
#.....#######...#
# #..#### ..#
#..### # #....#
#.##.# #. #.# #.
#@# #. #g# #. #g#
#. #(# #(# ...
#(# #.#


You could see 2 gnolls.

Vanquished Creatures
  A gnoll (D:4)
  An adder (D:4)
  An adder skeleton (D:4)
  2 dart slugs
  2 goblins (D:1)
  3 hobgoblins
  4 jackals (D:1)
  A bat (D:1)
  A frilled lizard (D:1)
16 creatures vanquished.

Notes
Turn   | Place    | Note
-------+----------+-------------------------------------------
     0 | D:1      | Gruesph the Merfolk Skald began the quest for the Orb.
     0 | D:1      | Reached XP level 1. HP: 16/16 MP: 3/3
   187 | D:1      | Reached skill level 1 in Stealth
   251 | D:1      | Reached XP level 2. HP: 22/22 MP: 1/5
   303 | D:1      | Learned a level 2 spell: Song of Slaying
   306 | D:1      | Learned a level 2 spell: Shroud of Golubria
   908 | D:2      | You fall into a shaft and drop 2 floors!
  1154 | D:4      | Found Yfrec's Distillery.
  1259 | D:4      | Reached skill level 4 in Polearms
  1259 | D:4      | Reached XP level 3. HP: 27/27 MP: 2/6
  1313 | D:4      | Slain by a gnoll

Levels and vault maps discovered:
D:1:      minmay_arrival_five_plusses, layout_loops_ring
D:2:      layout_basic, first_ration
D:3:      layout_rooms, minmay_overflow_temple_star_quad,
          kennysheep_generic_room_8
D:4:      layout_loops_ring, temple_hall, serial_shops, nicolae_shop_trees,
          uniq_grinder

Skill      XL: |  1  2 |
---------------+-------+-----
Stealth        | 1 2 |  2.0
Polearms       | 4 |  4.2
Fighting       | |  2.1
Armour         | |  0.6
Dodging        | |  2.6
Spellcasting   | |  2.0
Charms         | |  3.7

Action                   || total
-------------------------++-------
Melee: Spear             ||    66
Throw: Stone             ||    11
 Cast: Infusion          ||     7
       Song of Slaying   ||     2
 Stab: Sleeping          ||     1
  Eat: Chunk             ||     1
Armor: Leather armour    ||     1
       Robe              ||     8
Dodge: Dodged            ||    34
